 Dungeon Sprint DCSS version 0.31-a0-844-gdc52ec4e09 (webtiles) character file.

Game seed: 898201567357611820

254 sircluck the Ruffian (level 5, 0/61 HPs)
             Began as a Troll Berserker on Sept 29, 2023.
             Was an Elder of Trog.
             Succumbed to a gnoll sergeant's poison
             ... in the Dungeon (Sprint VII: "The Pits").
             The game lasted 00:00:31 (173 turns).

sircluck the Ruffian (Troll Berserker)               Turns: 173, Time: 00:00:32

Health: 0/61       AC:  4    Str: 27    XL:     5   Next: 90%
Magic:  4/4        EV: 11    Int:  3    God:    Trog [****..]
Gold:   0          SH:  0    Dex:  9    Spells: 4/4 levels left

rFire   . .          .
                       - Unarmed
rCold   . . .        (no shield)
rNeg    . . .        a - +0 animal skin
rPois   .            (helmet restricted)
rElec   .            (no cloak)
rCorr   .            (gloves unavailable)
SInv    .            (boots unavailable)
Will    .....        (no amulet)
Stlth   +            (no ring)
HPRegen 1.10/turn    (no ring)
MPRegen 0.09/turn

%: no teleportation
@: lethally poisoned (0 -> -5), on berserk cooldown, slowed, very slow
A: large, unfitting armour, claws 3, regeneration 1, shaggy fur 1, tough skin 1
a: Renounce Religion, Berserk, Trog's Hand, Brothers in Arms


You were in the Dungeon.
You worshipped Trog.
Trog was greatly pleased with you.
You visited 1 branch

Inventory:

Armour
 a - a +0 animal skin (worn)
Scrolls
 g - a scroll of blinking
 i - 2 scrolls of vulnerability
 j - a scroll of butterflies
Potions
 b - 6 potions of curing
 c - 6 potions of heal wounds
 d - a potion of haste
 e - 4 potions of magic
 f - 3 potions of berserk rage
 h - 2 potions of invisibility


   Skills:
 + Level 6.4 Fighting
 + Level 6.4 Dodging
 + Level 7.7 Unarmed Combat


You had 4 spell levels left.
You didn't know any spells.
Your spell library was empty.

Dungeon Overview and Level Annotations

Branches:
Dungeon (1/1)

Altars:
Ashenzari
Cheibriados
Dithmenos
Elyvilon
Fedhas
Gozag
Hepliaklqana
Kikubaaqudgha
Makhleb
Nemelex Xobeh
Okawaru
Qazlal
Ru
Sif Muna
Trog
Uskayaw
Vehumet
Wu Jian
Xom
Yredelemnul
Zin
The Shining One
Jiyva
Lugonu


Innate Abilities, Weirdness & Mutations

You are too large for most types of armour.
You have claws for hands.
Your natural rate of healing is unusually fast.
You are covered in fur. (AC +1)
You have tough skin. (AC +1)


Message History

Your Fighting skill gained 2 levels and is now at level 5!
Your Dodging skill gained 2 levels and is now at level 5!
Your Unarmed Combat skill gained 3 levels and is now at level 7!
You have reached level 4!
You have reached level 5!
Unknown command.
Unknown command.
A gnoll comes into view. It is wielding a +0 spear.
* * * LOW HITPOINT WARNING * * *
You feel very sick.
The gnoll shouts!
You hear a shout!
An orc comes into view. It is wielding a +0 hand axe.
The gnoll sergeant closely misses you.
You closely miss the gnoll sergeant.
* * * LOW HITPOINT WARNING * * *
You feel very sick.
You mangle the gnoll sergeant!!
You kill the gnoll sergeant!
Trog accepts your kill.
* * * LOW HITPOINT WARNING * * *
You feel very sick.
A gnoll comes into view. It is wielding a +0 flail.
Your Fighting skill increases to level 6!
Your Dodging skill increases to level 6!
You mangle the gnoll!!
You kill the gnoll!
Trog accepts your kill.
* * * LOW HITPOINT WARNING * * *
You feel sick.
Unknown command.
Unknown command.
* * * LOW HITPOINT WARNING * * *
You feel very sick.
You feel a strong urge to attack something.
* * * LOW HITPOINT WARNING * * *
You feel very sick.
You are no longer berserk.
You are exhausted.
You feel yourself slow down.
You die...

############
#_________.#
#_________.#
#_______...#######
##########'##.....
#.?(.')))'.##.....
##########.##.....
#...........†.....
#@#####†#####.....
#.#..#..#..##.....
#.#..'..'..#####'#
#.##)####'###.....
#r#.....)†.##.....
#.#........##.....
#o#####'#####...<.
#o#...)))[.##.....
#g#...)))[.##.....


You could see an orc priest, an orc wizard and a river rat.

Vanquished Creatures
  A flying skull (D)
  A gnoll sergeant (D)
  A gnoll (D)
  An adder (D)
  An ufetubus (D)
  2 orcs (D)
  A bat (D)
  2 hobgoblins (D)
  3 jackals (D)
  A ball python (D)
  A jackal skeleton (D)
15 creatures vanquished.

Notes
Turn   | Place    | Note
-------+----------+-------------------------------------------
     0 | D        | sircluck the Troll Berserker began the quest for the Orb.
     0 | D        | Reached XP level 1. HP: 22/22 MP: 0/0
    18 | D        | Reached XP level 2. HP: 28/31 MP: 1/1
    46 | D        | Found a bloodstained altar of Trog.
    46 | D        | Found a shimmering blue altar of Sif Muna.
    46 | D        | Found a viscous altar of Jiyva.
    46 | D        | Found a hazy altar of Hepliaklqana.
    46 | D        | Found an opulent altar of Gozag.
    47 | D        | Found a glowing golden altar of the Shining One.
    47 | D        | Found a glowing silver altar of Zin.
    47 | D        | Found a basalt altar of Yredelemnul.
    47 | D        | Found a shimmering altar of Xom.
    47 | D        | Found an ornate altar of the Wu Jian Council.
    47 | D        | Found a sacrificial altar of Ru.
    47 | D        | Found a stormy altar of Qazlal.
    47 | D        | Found an iron altar of Okawaru.
    47 | D        | Found a sparkling altar of Nemelex Xobeh.
    47 | D        | Found a burning altar of Makhleb.
    47 | D        | Found a blossoming altar of Fedhas.
    47 | D        | Found a white marble altar of Elyvilon.
    47 | D        | Found a shadowy altar of Dithmenos.
    47 | D        | Found a snail-covered altar of Cheibriados.
    59 | D        | Found a radiant altar of Vehumet.
    59 | D        | Found a corrupted altar of Lugonu.
    60 | D        | Found a hide-covered altar of Uskayaw.
    60 | D        | Found an ancient bone altar of Kikubaaqudgha.
    60 | D        | Found a broken altar of Ashenzari.
    78 | D        | Reached ** piety under Trog
    88 | D        | Reached skill level 4 in Unarmed Combat
    95 | D        | Reached *** piety under Trog
   129 | D        | Reached **** piety under Trog
   131 | D        | Reached XP level 3. HP: 39/39 MP: 2/2
   151 | D        | Noticed a flying skull
   152 | D        | Noticed a gnoll sergeant
   166 | D        | Killed a flying skull
   167 | D        | Reached skill level 5 in Fighting
   167 | D        | Reached skill level 5 in Dodging
   167 | D        | Reached skill level 7 in Unarmed Combat
   167 | D        | Reached XP level 4. HP: 15/52 MP: 3/3
   167 | D        | Reached XP level 5. HP: 18/59 MP: 4/4
   172 | D        | HP: 3/91 [poisoned by a gnoll sergeant]
   173 | D        | Succumbed to a gnoll sergeant's poison

Illustrated notes

Levels and vault maps discovered:
D:        pitsprint [storerooms_1, entrance_room_1, metal_vault_7, armoury_3,
          mini_pit_1, grid_room_1, main_hall_1, silver_pit, the_coven_3,
          the_vestibule_1, steel_vault_1, golden_pit, hallway_of_sentries,
          crystal_vault_1, iron_vault_4, final_vault]

Skill      XL: |  1  2  3  4  5 |
---------------+----------------+-----
Fighting       | 3 5 6 |  6.4
Dodging        | 3 5 6 |  6.4
Unarmed Combat | 4 7 |  7.7

Action                     |  1- 3 |  4- 6 || total
---------------------------+-------+-------++-------
  Melee: Unarmed           |    43 |     3 ||    46
         Punch             |     1 |       ||     1
 Invoke: Berserk           |     1 |       ||     1
   Stab: Sleeping          |     1 |       ||     1
 Armour: Animal skin       |    46 |       ||    46
  Dodge: Dodged            |    45 |     1 ||    46

Table legend: (Time is in decaauts)
 A = Elapsed time spent in this place.
 B = Non-inter-level travel time spent in this place.
 C = Inter-level travel time spent in this place.
 D = Time resting spent in this place.
 E = Time spent auto-exploring this place.
 F = Levels seen in this place.
 G = Mean time per level.
                   A        B        C        D        E       F      G
               +--------+--------+--------+--------+--------+-----+--------+
         Total |    166 |    160 |      6 |      0 |     73 |   1 |  166.0 |
       Dungeon |    166 |    160 |      6 |      0 |     73 |   1 |  166.0 |
               +--------+--------+--------+--------+--------+-----+--------+

Top non-repeatable levels by time:
       D: 166 daAuts
